 Dungeon Crawl Stone Soup version 0.22-a0-348-gd16d139 (webtiles) character file.

269 Gorglomux the Covered (level 6, -1/55 HPs)
             Began as a Minotaur Earth Elementalist on Apr 10, 2018.
             Was an Initiate of Makhleb.
             Slain by Grinder (2 damage)
             ... while paralysed by Grinder
             ... on level 3 of the Dungeon.
             The game lasted 00:02:28 (2916 turns).

Gorglomux the Covered (Minotaur Earth Elementalist) Turns: 2916, Time: 00:02:29

Health: -1/55      AC:  6    Str: 12 (15) XL:     6   Next: 1%
Magic:  1/2        EV:  2    Int:  9 (12) God:    Makhleb [......]
Gold:   122        SH:  0    Dex:  7 (10) Spells: 6/7 levels left

rFire    + . .     SeeInvis .   n - +2 dagger (antimagic)
rCold    + . .     Gourm    .   (no shield)
rNeg     . . .     Faith    .   g - +0 ring mail (curse)
rPois    +         Spirit   .   (helmet restricted)
rElec    +         Reflect  .   (no cloak)
rCorr    +         Harm     .   (no gloves)
MR       .....                  (no boots)
Stlth    +.........             (no amulet)
HPRegen  0.18/turn              (no ring)
MPRegen  0.08/turn              (no ring)

@: paralysed, resistant
A: retaliatory headbutt, horns 2
a: Renounce Religion


You were on level 3 of the Dungeon.
You worshipped Makhleb.
Makhleb was noncommittal.
You were hungry.

You visited 1 branch of the dungeon, and saw 3 of its levels.

You collected 122 gold pieces.

Inventory:

Hand Weapons
 n - a +2 antimagic dagger (weapon)
 p - a +2 short sword of speed
Missiles
 b - 141 stones (quivered)
Armour
 g - a cursed +0 ring mail (worn)
Scrolls
 e - a scroll of magic mapping {unknown}
 k - a scroll of random uselessness {unknown}
 l - a scroll of amnesia {unknown}
 q - a scroll of enchant armour {unknown}
 t - a scroll of teleportation {unknown}
Potions
 u - a potion of magic {unknown}
 Q - a potion of curing
Comestibles
 d - 8 rations


   Skills:
 + Level 4.9 Fighting
 + Level 4.9 Armour
 - Level 2.1 Dodging
 - Level 1.5 Stealth
 - Level 1.3 Spellcasting
   Level 0.7 Transmutations
 - Level 2.4 Earth Magic


You had 6 spell levels left.
You knew the following spells:

 Your Spells              Type           Power        Failure   Level  Hunger
a - Sandblast             Erth           #.....       28%         1    ##.....


Dungeon Overview and Level Annotations

Branches:
Dungeon (3/15)

Altars:
Makhleb

Annotations:
D:3 Grinder


Innate Abilities, Weirdness & Mutations

You reflexively headbutt those who attack you in melee.
You have a pair of horns on your head.


Message History

Grinder barely misses you! You furiously retaliate!!!
You headbutt Grinder!
You feel better!
Q - a potion of curing Grinder hits you but does no damage!
It was a potion of degeneration!
There was something very wrong with that liquid!
You feel butt!
You feel dopey!
You feel clumsy!
Grinder says, "You look like you could use a good racking!"
Grinder hits you! * * * don't die
* * * You writhe in agony! * * * don't butt
* * * It was a potion of resistance!
You feel protected! Grinder gestures at you!
You suddenly lose the ability to move!!!
Grinder hits you! * * * don't die
* * * You writhe in agony! rip

####.).#.#####.###..#.##
..####..........).#.##...).##
..........##.####.#.##.#.####
.#####.####.# #...##.#(####
... #.# #.. ##..##.<(##..
.... #.# #.#. ##....)....#
.....###.# #.##. #........##
.........# #5##.###........##
.........##
#@##............##
######....#
#.##............##
#.....#.###.##........).....
#.###....##[##..#..........#
# ###.........#...........
##............##...##.
###....##..#....#####
#.............#
.....##.....#.# #


You could see Grinder.

Vanquished Creatures
  A centaur (D:3)
  2 hounds (D:2)
  A worker ant (D:2)
  4 adders
  An ooze (D:3)
  An adder skeleton (D:2)
  5 worms
  A dart slug (D:1)
  A leopard gecko (D:2)
  A ball python (D:2)
  2 giant cockroaches
  7 goblins
  4 hobgoblins
  A quokka (D:2)
  8 bats
  A frilled lizard (D:3)
  9 kobolds
  4 rats
54 creatures vanquished.

Notes
Turn   | Place    | Note
-------+----------+-------------------------------------------
     0 | D:1      | Gorglomux the Minotaur Earth Elementalist began the quest for the Orb.
     0 | D:1      | Reached XP level 1. HP: 14/14 MP: 1/1
    70 | D:1      | Reached skill level 1 in Fighting
    70 | D:1      | Reached skill level 1 in Armour
   239 | D:1      | Reached XP level 2. HP: 15/23 MP: 3/3
  1040 | D:2      | Reached XP level 3. HP: 23/29 MP: 4/4
  1143 | D:2      | Reached skill level 3 in Fighting
  1143 | D:2      | Reached skill level 3 in Armour
  1192 | D:2      | Reached XP level 4. HP: 8/38 MP: 1/5
  1492 | D:2      | Found a burning altar of Makhleb.
  1848 | D:2      | Reached XP level 5. HP: 39/46 MP: 2/6
  1972 | D:2      | Became a worshipper of Makhleb the Destroyer
  2169 | D:3      | Noticed a centaur
  2713 | D:3      | Killed a centaur
  2880 | D:3      | Reached XP level 6. HP: 51/55 MP: 2/7
  2893 | D:3      | Noticed Grinder
  2911 | D:3      | HP: 2/55 [Grinder (8)]
  2915 | D:3      | Paralysed by Grinder for 3 turns
  2916 | D:3      | HP: 1/55 [Grinder (5)]
  2916 | D:3      | Slain by Grinder

Vault maps used:
D:1:      erik_arrival_blinker_ship
D:2:      first_ration, makhleb_blood_cavern_becter
D:3:      due_unseen_surprise, uniq_grinder

Skill      XL: |  1  2  3  4  5 |
---------------+----------------+-----
Fighting       | 1 2 3 4 |  4.9
Armour         | 1 2 3 4 |  4.9
Dodging        | |  2.1
Stealth        | |  1.5
Spellcasting   | |  1.3
Transmutations | |  0.7
Earth Magic    | |  2.4

Action                   |  1- 3 |  4- 6 || total
-------------------------+-------+-------++-------
Melee: Short sword       |    67 |       ||    67
       Unarmed           |     8 |       ||     8
       Headbutt          |    11 |    17 ||    28
       Dagger            |       |    95 ||    95
Throw: Stone             |       |     2 ||     2
 Cast: Sandblast         |     4 |     8 ||    12
  Use: Potion            |       |     3 ||     3
  Eat: Chunk             |     1 |     5 ||     6
Armor: Robe              |     7 |       ||     7
       Ring mail         |    45 |    34 ||    79
Dodge: Dodged            |    42 |    53 ||    95

Table legend:
 A = Spawn XP
 B = Non-spawn XP
 C = Spawn XP percentage of total XP
 D = Spawn monster count
 E = Non-spawn monster count
 F = Spawn count percentage of total count
 G = Total turns spent on level
                    A         B        C        D         E        F      G
               +---------+---------+-------+---------+---------+-------+---------
         Total |       0 |     385 |   0.0 |       0 |      54 |   0.0 |  2916
               +---------+---------+-------+---------+---------+-------+---------
           D:1 |       0 |      28 |   0.0 |       0 |      17 |   0.0 |   991
           D:2 |       0 |     193 |   0.0 |       0 |      21 |   0.0 |  1622
           D:3 |       0 |     164 |   0.0 |       0 |      16 |   0.0 |   303
               +---------+---------+-------+---------+---------+-------+---------
